 Dungeon Crawl Stone Soup version 0.17-a0-18-gc25b939 (webtiles) character file.

80 Kaesh the Skirmisher (level 4, 0/49 HPs)
             Began as an Ogre Fighter on Mar 9, 2015.
             Slain by a gnoll
             ... wielding a +0 spear
              (4 damage)
             ... on level 3 of the Dungeon.
             The game lasted 00:06:00 (1738 turns).

Kaesh the Skirmisher (Ogre Fighter)                 Turns: 1738, Time: 00:06:01

Health: 0/49       AC:  3    Str: 21    XL:     4   Next: 39%
Magic:  4/4        EV:  8    Int:  7    God:
Gold:   108        SH:  8    Dex: 10    Spells: 0 memorised, 3 levels left

rFire  + . .     SeeInvis .     a - +0 flail
rCold  . . .     Clarity  .     b - +0 robe
rNeg   . . .     SustAb   +     c - +0 shield
rPois  .         Gourm    .     (helmet restricted)
rElec  .         Spirit   .     (no cloak)
rCorr  .         Warding  .     (gloves unavailable)
rMut   .         Stasis   .     (boots unavailable)
MR     .....                    (no amulet)
Stlth  +.........               n - ring of protection from fire
                                i - ring of sustain abilities

@: lethally poisoned (0 -> -1), not resistant to hostile enchantments, very
unstealthy
A: unfitting armour, tough skin 1
a: no special abilities


You were on level 3 of the Dungeon.
You were not hungry.

You visited 1 branch of the dungeon, and saw 3 of its levels.

You collected 108 gold pieces.

Inventory:

Hand weapons
 a - a +0 flail (weapon)
Armour
 b - a +0 robe (worn)
 c - a +0 shield (worn)
Jewellery
 i - a ring of sustain abilities (left hand)
 n - a ring of protection from fire (right hand)
Magical devices
 w - a wand of random effects (11)
Scrolls
 o - a scroll of amnesia {unknown}
 p - 3 scrolls of teleportation {unknown}
 q - 2 scrolls of identify {unknown}
 r - a scroll of enchant weapon {unknown}
 u - a scroll of noise {unknown}
Potions
 e - a potion of might
 g - a potion of restore abilities {unknown}
 k - 2 potions of cancellation {unknown}
 m - a potion of degeneration {unknown}
 s - a potion of brilliance {unknown}
 t - a potion of heal wounds {unknown}
 x - a potion of ambrosia {unknown}
Books
 j - a book of Control

   Spells                             Type                      Level
   a - Control Teleport               Charms/Translocation         4
   b - Control Undead                 Necromancy                   4
   c - Enslavement                    Hexes                        4
   d - Metabolic Englaciation         Hexes/Ice                    5
   e - Mass Confusion                 Hexes                        6
Comestibles
 d - a meat ration
 f - 2 slices of pizza
 h - 4 chunks of flesh
 l - a beef jerky
 v - a bread ration


   Skills:
 + Level 4.7 Fighting
 + Level 3.1 Maces & Flails
 + Level 2.8 Armour
 + Level 1.5 Dodging
 + Level 3.1 Shields


You had 3 spell levels left.
You didn't know any spells.

Dungeon Overview and Level Annotations

Branches:
Dungeon (3/15)

Altars:
Cheibriados
Xom


Innate Abilities, Weirdness & Mutations

You are too large for most types of armour.
You have tough skin (AC +1).


Message History

You block the adder's attack. The gnoll barely misses you. The adder bites you.
You are poisoned.
The adder poisons you!
Unknown command.
You closely miss the adder.
The adder is heavily wounded.
You feel sick. The adder closely misses you. You block the gnoll's attack.
You sock the adder!
You kill the adder!
The gnoll hits you from afar with a spear.
You closely miss the gnoll.
You feel sick. You block the gnoll's attack. You block the gnoll's attack.
The gnoll hits you with a club.
* * * LOW HITPOINT WARNING * * *
The gnoll hits you from afar with a spear.
* * * LOW HITPOINT WARNING * * *
You hit the gnoll.
The gnoll is heavily wounded.
You block the gnoll's attack. x2
The gnoll hits you from afar with a spear.
You die...

###################
#........@gg........
###..########g.#......
......####gS..........
#....gg...........#
....#....wg..........##
......._..#####...#..###.
.....?...## ###.#.......
#####..#########....#
##..##.........##


You could see 3 gnolls.

Vanquished Creatures
  2 adders
  A giant mite (D:1)
  2 worms (D:2)
  2 giant geckos (D:1)
  An ooze (D:2)
  5 bats
  2 giant cockroaches (D:2)
  3 goblins
  4 hobgoblins
  3 jackals (D:3)
  5 kobolds
  A ball python (D:2)
  A giant newt (D:1)
  7 rats
39 creatures vanquished.

Notes
Turn   | Place    | Note
--------------------------------------------------------------
     0 | D:1      | Kaesh, the Ogre Fighter, began the quest for the Orb.
     0 | D:1      | Reached XP level 1. HP: 24/24 MP: 1/1
   124 | D:1      | Reached XP level 2. HP: 20/32 MP: 2/2
   584 | D:1      | Reached XP level 3. HP: 37/40 MP: 3/3
   843 | D:2      | Reached skill level 1 in Dodging
  1395 | D:2      | Reached XP level 4. HP: 36/49 MP: 4/4
  1482 | D:2      | Found a shimmering altar of Xom.
  1706 | D:3      | Found a snail-covered altar of Cheibriados.
  1738 | D:3      | Slain by a gnoll

Action                   |  1- 3 |  4- 6 || total
-------------------------+-------+-------++-------
Melee: Flail             |    76 |    34 ||   110
       Mace              |     3 |       ||     3
  Use: Scroll            |     2 |       ||     2
 Stab: Sleeping          |     1 |       ||     1
  Eat: Chunk             |     2 |     1 ||     3
